AoeStats
← 戳中之霸 DY能兒

Arena

509858158Analyzed
1v1 RM · 2d ago on Sep 28, 2026· 31m 17s· 2 players
Game mode
Random Map
Map size
Tiny (2 player)
Population
200
Speed
Normal
Resources
Standard
Victory
Conquest
Starting age
Dark Age
Ending age
Imperial Age
RankedLock teamsTeams togetherTeam positionsShared explorationLock speedFull tech treeHidden civsTurbo modeCheats
Victory
Defeat
🇹🇼 Turks · Taiwan
1056
+13
980
-13
戳中之霸 DY能兒
12:04 Feudal Age
15:48 Castle Age
14:09 Double-Bit Axe
16:14 Loom
21:12 Imperial Age
21:13 Wheelbarrow
21:01 Padded Archer Armor
21:20 Gold Mining
28:17 Leather Archer Armor
Cyborg Ninja Guardia Sivil
10:25 Feudal Age
15:10 Castle Age
14:49 Double-Bit Axe
15:01 Loom
15:24 Fletching
21:42 Bow Saw
23:00 Elite Skirmisher
27:38 Padded Archer Armor
29:29 Scale Barding Armor
Connection lost

Rejoining the realm…

Still unreachable

The connection could not be restored.

Session expired

The server has moved on; the page needs a fresh start.